 Dungeon Crawl Stone Soup version 0.15.0-23-gc2b521c (webtiles) character file.

377952 Iskender the Black Belt (level 22, -2/112 HPs)
             Began as a Vine Stalker Monk on Sept 8, 2014.
             Was a High Priest of Makhleb.
             Slain by a spriggan defender
             ... wielding a +6 quick blade
             ... led by the Enchantress
              (4 damage)
             ... on Level 4 of the Depths on Sept 9, 2014.
             The game lasted 09:20:31 (47811 turns).

Iskender the Black Belt (Vine Stalker Monk)        Turns: 47811, Time: 09:20:32

HP  -2/112       AC 16     Str 14      XL: 22   Next: 82%
MP   0/39        EV  2     Int 20      God: Makhleb [*****.]
Gold 4191        SH  0     Dex 22      Spells:  7 memorised,  9 levels left

rFire  . . .     SeeInvis .       - Unarmed
rCold  + + .     Clarity  .     I - +3 leather armour "Brafaoxt" {rPois rC++ Int+4}
rNeg   + + +     rCorr    .     d - +2 shield
rPois  +         rRot     +     E - +0 helmet {Int+3}
rElec  .         Spirit   +     b - +2 cloak
SustAb .         Warding  .     n - +2 pair of gloves
rMut   .         NoTele   +     D - +0 pair of boots {+Jump}
Gourm  .                        A - amulet of faith
MR     +....                    m - ring of protection from magic
                                P - +4 ring of protection

@: petrified, vulnerable, cannot translocate, very slightly contaminated,
hasted, repel missiles, somewhat resistant to hostile enchantments, fairly
stealthy
A: fangs 3, deformed body, regeneration 3, weak 1, magic shield, antimagic bite,
no device heal 3, rot immunity
a: Minor Destruction, Lesser Servant of Makhleb, Major Destruction, Greater
Servant of Makhleb, Renounce Religion, Evoke Jump Attack
}: 2/15 runes: barnacled, gossamer


You were on level 4 of the Depths.
You worshipped Makhleb.
Makhleb was extremely pleased with you.
You were not hungry.

You visited 9 branches of the dungeon, and saw 49 of its levels.

You collected 5197 gold pieces.
You spent 1006 gold pieces at shops.

Inventory:

Missiles
 j - 7 tomahawks of dispersal
 w - 27 javelins (quivered)
Armour
 b - a +2 cloak (worn)
 d - a +2 shield (worn)
 n - a +2 pair of gloves (worn)
 D - a +0 pair of boots of jumping (worn)
 E - a +0 helmet of intelligence (worn)
 I - the +3 leather armour "Brafaoxt" (worn) {rPois rC++ Int+4}
   (You found it on level 2 of the Vaults)

   It affects your intelligence (+4).
   It greatly protects you from cold.
   It protects you from poison.
Magical devices
 o - a wand of digging (9)
 u - a wand of teleportation (2)
 L - a wand of fire (7)
 N - a wand of disintegration (14)
 T - a wand of draining (6)
Comestibles
 z - 9 royal jellies
 J - 26 bread rations
 K - 10 meat rations
 S - 3 chunks of wind drake flesh
Scrolls
 c - 2 scrolls of summoning
 f - 13 scrolls of remove curse
 q - 4 scrolls of teleportation
 s - a scroll of fear
 t - 10 scrolls of identify
 x - 2 scrolls of torment
 y - a scroll of recharging
 C - 5 scrolls of magic mapping
 G - 2 scrolls of fog
Jewellery
 a - an uncursed ring of protection from fire
 e - an uncursed ring of see invisible
 h - an uncursed amulet of resist mutation
 m - a ring of protection from magic (right hand)
 p - an uncursed ring of poison resistance
 r - an uncursed ring of protection from cold
 A - an amulet of faith (around neck)
 B - a cursed -5 ring of strength {unknown}
 F - an uncursed ring of protection from fire
 P - a +4 ring of protection (left hand)
 R - an uncursed ring of positive energy
 U - an uncursed amulet of clarity
 Y - a cursed amulet of stasis
Potions
 g - 4 potions of agility
 i - 13 potions of curing
 l - 2 potions of might
 v - 3 potions of haste
 M - a potion of resistance
 O - 4 potions of magic
 Q - a potion of blood
 X - 3 potions of invisibility
Miscellaneous
 k - a phial of floods
 H - a fan of gales


   Skills:
 - Level 10.6 Fighting
 - Level 13.4 Dodging
 - Level 4.4 Stealth
 - Level 15.0 Shields
 - Level 20.0 Unarmed Combat
 - Level 3.0 Spellcasting
 - Level 14.0 Charms
 - Level 2.2 Summonings
 - Level 3.0 Translocations
 - Level 1.3 Air Magic
 + Level 18.3 Invocations


You had 9 spell levels left.
You knew the following spells:

 Your Spells              Type           Power        Failure   Level  Hunger
a - Repel Missiles        Chrm/Air       ####..       1%          2    ##.....
b - Apportation           Tloc           ###.......   4%          1    None
d - Blink                 Tloc           N/A          10%         2    ##.....
e - Abjuration            Summ           ##........   21%         3    ###....
f - Flight                Chrm/Air       ####......   1%          3    ###....
h - Haste                 Chrm           ######..     10%         6    #######
R - Summon Butterflies    Summ           ##......     10%         1    None


Dungeon Overview and Level Annotations

Branches:
Dungeon (15/15)            Temple (1/1) D:7             Orc (4/4) D:11
    Elf (0/3) Orc:4          Lair (8/8) D:9          Shoals (5/5) Lair:3
 Spider (5/5) Lair:6        Slime (0/6) Lair:8       Vaults (4/5) D:14
  Crypt (3/3) Vaults:3       Tomb (0/3) Crypt:3      Depths (4/5) D:15

Altars:
Dithmenos
Elyvilon
Fedhas
Kikubaaqudgha
Makhleb
Sif Muna
Trog
Xom
Yredelemnul
Zin
The Shining One
Beogh

Shops:
D:4 :   D:6 *   Orc:4 !([(   Shoals:4 !   Vaults:1 (   Vaults:3 [%   Vaults:4 ?
Depths:1 !   Depths:3 (

Portals:
Hell: Depths:1 Depths:2 Depths:3
Abyss: Depths:2 Depths:3
Pandemonium: Depths:1 Depths:2 Depths:3
Ziggurat: Depths:2
Trove: D:15 (give 8 potions of haste)

Annotations:
D:15 exclusion: Roxanne, Roxanne
Vaults:2 Mara
Depths:4 the Enchantress


Innate Abilities, Weirdness & Mutations

You have razor-sharp teeth.
You regenerate.
When hurt, damage is shared between your health and your magic reserves.
Your bite disrupts and absorbs the magic of your enemies.
Potions and wands cannot restore your health.
You are immune to rotting.
Armour fits poorly on your strangely shaped body.
You are weak. (Str -2)


Message History

The spriggan hits your blizzard demon with a short sword!
The Enchantress casts a spell at you.
Your blizzard demon resists with almost no effort.
The spriggan berserker hits your blizzard demon but does no damage.
The spriggan defender hits you with a glowing quick blade!!
* * * LOW HITPOINT WARNING * * *
A runed flail comes into view.
The spriggan defender hits you with a glowing quick blade!!
* * * LOW HITPOINT WARNING * * *
The Enchantress gestures at you while chanting.
Your blizzard demon resists with almost no effort.
The death yak gores you!
* * * LOW HITPOINT WARNING * * *
The spriggan air mage waves its arms in wide circles.
The air twists around and strikes you!
* * * LOW HITPOINT WARNING * * *
The spriggan hits your blizzard demon with a short sword!
The spriggan berserker hits your blizzard demon with a hand axe!
The spriggan defender hits you with a glowing quick blade!
You die...

##.....
##....#
##.....#
##..(..#
##..idh.#
##..iii#..#
##.i2i####ii#
##..Yi## #.#
#.).@##


#ii #.).## i.m #.### T #.### #...## #....### #......## ##......## ##......## ##
You could see the Enchantress, a yellow draconian shaped shifter, a death yak
(berserk), a spriggan defender, a spriggan berserker, 2 spriggan air magi, a
raiju, 2 spriggans, a runed flail and a friendly blizzard demon (petrified).

Vanquished Creatures
  2 ancient liches (Crypt:3)
  Xtahua (Vaults:4)
  A kraken (Shoals:5)
  A sphinx (Vaults:4)
  A lich (Crypt:3)
  Agnes (Spider:5)
  6 tengu reavers
  Frances (Shoals:1)
  2 revenants (Crypt:2)
  2 fire giants
  Donald (Shoals:1)
  6 vault wardens
  A deep elf sorcerer (Vaults:3)
  Maud (Lair:4)
  5 emperor scorpions
  4 frost giants
  Aizul (Spider:3)
  An orc warlord (Vaults:4)
  4 war gargoyles
  4 ghouls (Crypt:2)
  A deep elf demonologist (Vaults:3)
  16 stone giants
  9 very ugly things
  A vampire knight (Depths:3)
  3 dire elephants
  2 deep elf annihilators
  2 eidola
  5 ettins
  Snorg (Lair:4)
  2 blizzard demons
  2 merfolk javelineers
  5 fire dragons
  13 merfolk impalers
  7 ironheart preservers
  3 ghost crabs
  4 great orbs of eyes
  5 yaktaur captains
  7 hydras
  A rakshasa (Depths:2)
  A spriggan air mage (Depths:3)
  2 ice dragons
  2 sirens
  An alligator snapping turtle (Shoals:5)
  2 deep troll earth magi
  2 satyrs (Shoals:4)
  The ghost of toxicsyntax the Carver, an experienced MiFi of Okawaru (D:9)
  An anaconda (shapeshifter) (Vaults:3)
  2 merfolk aquamancers (Shoals:5)
  2 centaur warriors
  8 tengu warriors
  4 deep troll shamans
  4 ogre magi
  4 death yaks (Lair:7)
  2 soul eaters
  6 hell knights (Crypt:3)
  A sun demon (Depths:3)
  A titan skeleton (Depths:1)
  2 shadow wraiths
  An orc high priest (Orc:4)
  3 catoblepae
  26 skeletal warriors
  5 iron trolls (Depths:3)
  3 unseen horrors
  A deep elf knight (Vaults:3)
  13 sea snakes
  2 fire crabs
  An infernal demonspawn (Depths:1)
  7 flayed ghosts (Crypt:3)
  A shadow demon (Depths:1)
  12 orb spiders
  5 ironbrand convokers
  8 harpies
  12 deep trolls
  2 deep elf summoners
  A deep elf conjurer (Vaults:4)
  5 orc knights
  3 hill giants
  A mana viper (shapeshifter) (D:15)
  A cyclops (shapeshifter) (D:14)
  27 wolf spiders
  A wizard (Vaults:3)
  A manticore (shapeshifter) (Depths:3)
  9 fauns
  A harpy (shapeshifter) (Depths:1)
  7 necromancers
  6 phantasmal warriors
  5 cyclopes
  A spectral alligator (Crypt:2)
  A fire giant zombie (Crypt:2)
  A sixfirhy (Depths:1)
  8 water nymphs
  3 orc sorcerers
  2 stone giant zombies
  7 manticores
  47 ugly things
  A sphinx skeleton (Crypt:1)
  An iron dragon skeleton (Depths:1)
  An oklob plant (Lair:6)
  5 black mambas
  14 griffons
  A fire giant skeleton (Depths:2)
  A centaur zombie (D:15)
  9 mermaids
  A guardian serpent (D:15)
  4 moths of wrath (Spider:4)
  13 elephants
  6 red wasps
  5 vault sentinels
  4 smoke demons
  A stone giant skeleton (Crypt:3)
  3 gargoyles
  2 torpor snails (Spider:4)
  An efreet (D:15)
  9 spiny frogs
  An orange demon (Depths:1)
  A dire elephant skeleton (Crypt:1)
  A tormentor (Depths:3)
  2 centaur skeletons
  A black draconian zombie (Crypt:2)
  2 spriggan simulacra (Depths:2)
  4 kobold demonologists
  2 titan simulacra (Crypt:1)
  13 demonic crawlers
  39 yaktaurs
  A death yak zombie (Crypt:2)
  10 komodo dragons
  An iron devil (Depths:3)
  4 fire drakes
  A queen bee (Lair:8)
  2 tengu conjurers
  3 guardian mummies (Crypt:3)
  A deep elf priest (Vaults:3)
  A sea snake zombie (Crypt:2)
  3 red devils (Crypt:3)
  A hydra zombie (D:15)
  A moth of wrath zombie (Crypt:1)
  A minotaur zombie (Crypt:2)
  23 merfolk
  2 harpy zombies (Shoals:2)
  2 polar bears
  25 jumping spiders
  Sonja (D:11)
  5 freezing wraiths
  The ghost of Vidiiot the Practitioner, an average DDHe of Elyvilon (D:7)
  A silent spectre (Crypt:2)
  13 two-headed ogres
  A polar bear (shapeshifter) (D:14)
  10 ravens
  A baby alligator (shapeshifter) (D:13)
  13 trolls
  A frost giant simulacrum (Vaults:2)
  A slime creature (shapeshifter) (Vaults:2)
  A hydra skeleton (D:14)
  3 wind drakes
  2 griffon zombies (Shoals:2)
  An alligator zombie (Crypt:2)
  3 fire giant simulacra
  An ice dragon zombie (Crypt:2)
  12 slime creatures
  13 blink frogs
  A fire dragon zombie (Depths:1)
  3 air elementals (Depths:3)
  3 boulder beetles
  2 ettin zombies (Crypt:1)
  11 shadows
  11 snapping turtles
  7 water elementals
  A fire dragon skeleton (Crypt:3)
  A griffon skeleton (D:14)
  5 flying skulls (Crypt:2)
  20 trapdoor spiders
  9 deep elf magi
  35 redbacks
  2 human skeletons (Vaults:4)
  2 stone giant simulacra
  14 wraiths
  5 basilisks
  13 tarantellas
  2 wyverns
  An ettin skeleton (Crypt:1)
  7 vampires
  5 deep elf fighters
  41 yaks
  16 hippogriffs
  2 fire elementals (Depths:4)
  The ghost of inmateoo the Bolt Thrower, an average DsHu (D:4)
  10 wolves
  12 swamp worms (Spider:4)
  A neqoxec (Depths:3)
  3 hungry ghosts
  A hill giant skeleton (Crypt:2)
  A warg (D:11)
  5 vampire mosquitoes
  A soldier ant (shapeshifter) (D:14)
  A putrid demonspawn skeleton (Crypt:1)
  A torturous demonspawn zombie (Crypt:1)
  5 porcupines
  A mottled dragon (Vaults:1)
  11 water moccasins
  A merfolk skeleton (Crypt:3)
  22 spiders
  A tengu skeleton (D:11)
  5 yellow wasps
  25 orc warriors
  2 sky beasts
  2 necrophages
  A manticore zombie (Crypt:2)
  A phantom (D:9)
  4 ice beasts
  3 black bears
  9 boggarts
  A tengu (shapeshifter) (Vaults:1)
  A tengu (Lair:1)
  11 centaurs
  A boring beetle (Spider:2)
  23 ogres
  2 brain worms (Spider:4)
  20 crocodiles
  A big kobold (D:14)
  An octopode zombie (Crypt:1)
  A draconian zombie (Crypt:1)
  Blork the orc (D:7)
  2 cyclops zombies
  2 lost souls
  4 earth elementals (Depths:4)
  15 giant frogs
  A wyvern zombie (D:14)
  A cyclops skeleton (D:15)
  11 scorpions
  38 killer bees
  An eye of draining (shapeshifter) (Vaults:4)
  A spriggan skeleton (Crypt:3)
  6 wights (Crypt:1)
  A yak skeleton (D:8)
  2 electric eels (D:11)
  A lava snake (Lair:7)
  A goliath beetle (Lair:3)
  5 crimson imps
  13 jellies
  18 orc wizards
  A giant frog zombie (D:10)
  16 hounds
  14 orc priests
  A two-headed ogre skeleton (D:13)
  5 iguanas
  2 quasits
  Natasha (thrice) (D:3)
  An iron imp (Vaults:3)
  20 sheep
  An elf simulacrum (Vaults:4)
  An orange rat (Vaults:3)
  4 worker ants
  3 killer bee zombies
  A brain worm zombie (D:13)
  A dwarf zombie (Crypt:2)
  An ogre zombie (D:10)
  A naga zombie (Crypt:2)
  2 tengu zombies
  A mottled dragon skeleton (D:15)
  A hound zombie (D:5)
  A naga skeleton (Crypt:1)
  6 mummies
  18 adders
  42 green rats
  An orange rat skeleton (Crypt:2)
  3 orc zombies
  3 shadow imps
  2 giant mites
  2 ufetubi
  6 worms
  2 adder skeletons
  2 oozes (D:1)
  107 orcs
  2 ball pythons (D:1)
  26 bats
  A bat zombie (Shoals:2)
  4 giant cockroaches
  16 goblins
  12 hobgoblins
  3 jackals
  7 giant geckos
  5 giant newts
  A giant spore (D:12)
  21 kobolds
  12 quokkas
  16 rats
  A spectral orc (D:3)
  2 crawling corpses (Vaults:3)
  A fungus (Lair:8)
  4 plants
  5 tentacles (Shoals:5)
1686 creatures vanquished.

Vanquished Creatures (collateral kills)
  2 ancient liches
  Saint Roka (Orc:4)
  An ancient champion (Crypt:3)
  Rupert (D:15)
  2 sphinxes (Crypt:3)
  Kirke (D:15)
  A revenant (Crypt:2)
  Ilsuiw (Shoals:5)
  4 emperor scorpions
  A ghost moth (Spider:5)
  A frost giant (Depths:2)
  2 vault wardens
  6 ghouls
  Jorgrun (Vaults:3)
  A very ugly thing (Vaults:3)
  2 deep elf demonologists
  2 war gargoyles
  2 spriggan defenders (Depths:4)
  A vampire knight (D:13)
  2 curse skulls
  2 stone giants
  An eidolon (Crypt:2)
  2 fire dragons
  A crystal guardian (Depths:4)
  An ettin (Depths:1)
  4 great orbs of eyes
  3 ironheart preservers
  3 jiangshi (Crypt:2)
  A ravenous item mimic (Crypt:3)
  A rakshasa (Depths:1)
  Harold (D:12)
  A minotaur (Depths:1)
  A centaur warrior (Depths:1)
  Erica (Lair:6)
  3 ogre magi
  2 deep troll earth magi
  2 deep troll shamans (Vaults:2)
  A spriggan berserker (Depths:3)
  A vampire mage (Crypt:2)
  2 orc high priests (Depths:1)
  A soul eater (Vaults:2)
  An iron golem (Depths:4)
  An unseen horror (D:15)
  2 titan skeletons (Crypt:3)
  4 skeletal warriors
  An orc knight (Vaults:3)
  A shadow demon (Depths:1)
  2 hell knights (Crypt:3)
  6 orb spiders
  A flayed ghost (Crypt:2)
  2 deep elf summoners
  2 sea snakes (Shoals:1)
  A wizard (Vaults:3)
  8 deep trolls
  2 ironbrand convokers (Vaults:3)
  3 phantasmal warriors
  2 orc sorcerers
  14 ugly things
  A griffon (Shoals:1)
  A harpy (Shoals:5)
  A shining eye (Depths:2)
  2 red wasps
  A cyclops (D:13)
  14 wolf spiders
  A moth of wrath (Spider:5)
  4 gargoyles
  A sixfirhy (Depths:1)
  2 frost giant skeletons (Crypt:3)
  A manticore (D:15)
  A black mamba (shapeshifter) (Depths:2)
  A vault sentinel (Vaults:2)
  2 molten gargoyles (Depths:4)
  A kobold demonologist (Depths:1)
  A smoke demon (Crypt:3)
  An orange demon (Depths:1)
  2 deep elf priests
  15 demonic crawlers
  A hellwing (Depths:1)
  5 yaktaurs
  2 freezing wraiths
  A tengu conjurer (D:14)
  10 jumping spiders
  2 red devils (Crypt:3)
  A merfolk (Shoals:1)
  3 trolls (Orc:4)
  A fire vortex (Depths:4)
  2 boulder beetles
  2 bog bodies
  A two-headed ogre (Depths:1)
  2 ravens
  A hydra skeleton (Crypt:3)
  6 slime creatures
  A wind drake (Depths:4)
  A shadow (Crypt:3)
  A baby alligator (shapeshifter) (Depths:3)
  A wraith (Crypt:3)
  15 redbacks
  7 trapdoor spiders
  A fire dragon skeleton (D:15)
  6 tarantellas
  A yak (D:9)
  2 water elementals
  A hungry ghost (Crypt:3)
  5 hogs (D:15)
  A vampire (Depths:1)
  2 neqoxecs (Depths:1)
  2 deep elf fighters (Vaults:3)
  4 vampire mosquitoes (Vaults:2)
  A chaos spawn (Vaults:2)
  2 wargs
  6 orc warriors
  2 spiders (Spider:5)
  4 yellow wasps
  A sky beast (D:15)
  9 ogres
  A boggart (Depths:1)
  A lost soul (Crypt:3)
  An earth elemental (Depths:4)
  A troll zombie (Orc:4)
  A yellow wasp zombie (D:12)
  An orc wizard (Orc:4)
  3 orc priests
  2 orange rats (Vaults:3)
  2 mummies (Crypt:3)
  A white imp (Depths:1)
  An ufetubus (Vaults:3)
  A giant eyeball (Depths:2)
  19 orcs
  A goblin (Orc:4)
  3 orc zombies
  A butterfly (Depths:2)
  4 plants
336 creatures vanquished.

Vanquished Creatures (others)
  3 Executioners
  A tengu reaver (Depths:1)
  10 balrugs
  6 cacodemons
  5 blizzard demons
  9 green deaths
  A ball lightning (Depths:4)
  An orange demon (Spider:4)
  2 drowned souls (Shoals:3)
  A smoke demon (D:9)
  2 yaktaurs (Depths:1)
  A water elemental (Depths:3)
  An air elemental (Depths:3)
  A deep elf fighter (Vaults:3)
  A ynoxinul (Crypt:3)
  4 lost souls
  A boggart (Depths:1)
  2 orcs
  A quokka (D:8)
  An orc zombie (Orc:4)
  26 butterflies
  A fungus (Lair:4)
  6 plants
  50 tentacles (Shoals:5)
  386 tentacle segments (Shoals:5)
523 creatures vanquished.

Grand Total: 2545 creatures vanquished

Notes
Turn   | Place    | Note
--------------------------------------------------------------
     0 | D:1      | Iskender, the Vine Stalker Monk, began the quest for the Orb.
     0 | D:1      | Reached XP level 1. HP: 11/11 MP: 1/1
   108 | D:1      | Reached XP level 2. HP: 14/16 MP: 3/3
   369 | D:1      | Reached XP level 3. HP: 15/19 MP: 2/4
   829 | D:2      | Found a glowing golden altar of the Shining One.
  1426 | D:2      | Reached skill level 5 in Unarmed Combat
  1426 | D:2      | Reached XP level 4. HP: 23/23 MP: 5/5
  1561 | D:3      | Noticed Natasha
  1870 | D:3      | Killed Natasha
  2006 | D:3      | Reached XP level 5. HP: 22/27 MP: 5/7
  2241 | D:3      | Noticed Natasha
  2524 | D:4      | Reached skill level 6 in Unarmed Combat
  2710 | D:4      | Noticed inmateoo's ghost (average DsHu)
  2884 | D:4      | Noticed an ogre
  2940 | D:4      | Found Caiveatt's Book Emporium.
  3014 | D:3      | Gained mutation: You heal very quickly. [vine stalker growth]
  3014 | D:3      | Reached XP level 6. HP: 26/32 MP: 8/8
  3131 | D:3      | Found a basalt altar of Yredelemnul.
  3324 | D:3      | Found a bloodstained altar of Trog.
  3366 | D:3      | Killed Natasha
  3404 | D:3      | Noticed Natasha
  3412 | D:3      | Killed Natasha
  3581 | D:4      | Killed an ogre
  3581 | D:4      | Reached skill level 7 in Unarmed Combat
  3889 | D:4      | Found an ancient bone altar of Kikubaaqudgha.
  4180 | D:5      | Entered Level 5 of the Dungeon
  4299 | D:5      | Reached skill level 8 in Unarmed Combat
  4299 | D:5      | Reached XP level 7. HP: 31/35 MP: 9/9
  4435 | D:5      | Reached skill level 1 in Shields
  4581 | D:5      | Found a deep blue altar of Sif Muna.
  4664 | D:5      | Found a blossoming altar of Fedhas.
  4753 | D:5      | Gained mutation: You have razor-sharp teeth. [vine stalker growth]
  4753 | D:5      | Reached XP level 8. HP: 34/39 MP: 11/11
  5018 | D:6      | Reached skill level 9 in Unarmed Combat
  5155 | D:6      | Found a shadowy altar of Dithmenos.
  5305 | D:6      | Found Zin's Purification Station.
  5306 | D:6      | Found a glowing silver altar of Zin.
  5643 | D:6      | Found a burning altar of Makhleb.
  5649 | D:6      | Became a worshipper of Makhleb the Destroyer
  5649 | D:6      | Acquired Makhleb's first power
  5649 | D:6      | Acquired Makhleb's second power
  5965 | D:7      | Got a twisted leather armour
  5981 | D:7      | Identified the cursed -1 leather armour "Acvej" {rF+ Slay+3} (You found it on level 7 of the Dungeon)
  6032 | D:7      | Reached skill level 1 in Invocations
  6220 | D:7      | Noticed Vidiiot's ghost (average DDHe)
  6234 | D:7      | Killed Vidiiot's ghost
  6401 | D:7      | Reached XP level 9. HP: 43/43 MP: 17/17
  6598 | D:7      | Found a staircase to the Ecumenical Temple.
  6604 | Temple   | Entered the Ecumenical Temple
  6624 | D:7      | Noticed Blork the orc
  6724 | D:8      | Found a white marble altar of Elyvilon.
  7093 | D:8      | Reached skill level 5 in Shields
  7136 | D:8      | Reached skill level 10 in Unarmed Combat
  7367 | D:8      | Acquired Makhleb's third power
  7909 | D:9      | Noticed toxicsyntax's ghost (experienced MiFi)
  7918 | D:9      | Reached skill level 11 in Unarmed Combat
  8115 | D:9      | Acquired Makhleb's fourth power
  8241 | D:9      | Found a staircase to the Lair.
  8246 | D:9      | Reached skill level 5 in Invocations
  8373 | D:9      | Reached XP level 10. HP: 47/47 MP: 19/21
  8674 | D:9      | HP: 2/47 [toxicsyntax's ghost (8)]
  8696 | D:9      | Killed toxicsyntax's ghost
  8735 | D:10     | Entered Level 10 of the Dungeon
  9075 | D:10     | Gained mutation: You are weak. (Str -2) [potion of mutation]
  9075 | D:10     | Gained mutation: You can spit poison. [potion of mutation]
  9075 | D:10     | Gained mutation: You are robust (+10% HP). [potion of mutation]
  9229 | D:10     | Noticed a hill giant
  9243 | D:10     | Killed a hill giant
  9243 | D:10     | Reached skill level 12 in Unarmed Combat
  9479 | D:9      | Reached XP level 11. HP: 56/56 MP: 25/25
  9493 | Lair:1   | Entered Level 1 of the Lair of Beasts
  9576 | Lair:1   | Noticed a harpy
  9576 | Lair:1   | a yak changed into a harpy
  9584 | Lair:1   | Killed a harpy
  9609 | Lair:1   | Reached skill level 10 in Invocations
  9615 | Lair:1   | Acquired Makhleb's fifth power
 10057 | Lair:1   | Reached skill level 13 in Unarmed Combat
 11420 | Lair:3   | Found a staircase to the Shoals.
 11454 | Lair:3   | Gained mutation: You regenerate. [vine stalker growth]
 11454 | Lair:3   | Reached XP level 12. HP: 55/61 MP: 11/27
 11582 | Lair:4   | Noticed Snorg
 11664 | Lair:4   | Noticed Maud
 11781 | Lair:4   | Reached skill level 14 in Unarmed Combat
 12492 | Lair:4   | Killed Maud
 12861 | Lair:5   | Reached skill level 10 in Shields
 13425 | Lair:4   | Noticed an eight-headed hydra
 13427 | Lair:4   | Killed Snorg
 13427 | Lair:4   | Reached XP level 13. HP: 53/64 MP: 23/28
 13432 | Lair:4   | Killed an eight-headed hydra
 13891 | Lair:6   | Found a bloodstained altar of Trog.
 14023 | Lair:6   | Noticed Erica
 14604 | Lair:6   | Killed Erica
 14609 | Lair:6   | Found a hole to the Spider Nest.
 15043 | Lair:7   | Identified a scroll of acquirement
 15439 | Lair:7   | Learned a level 2 spell: Repel Missiles
 15624 | Lair:7   | Reached skill level 1 in Charms
 15624 | Lair:7   | Reached skill level 1 in Air Magic
 15803 | Lair:7   | Reached skill level 5 in Dodging
 16021 | Lair:8   | Entered Level 8 of the Lair of Beasts
 16207 | Lair:8   | Found a staircase to the Slime Pits.
 16324 | Lair:8   | Reached XP level 14. HP: 69/69 MP: 31/31
 16498 | Lair:8   | Reached skill level 15 in Unarmed Combat
 17062 | Lair:8   | Gained mutation: You are partially covered in yellow scales (AC +2). [potion of beneficial mutation]
 17304 | Lair:8   | Reached skill level 16 in Unarmed Combat
 17796 | D:7      | Killed Blork the orc
 17940 | D:4      | Killed inmateoo's ghost
 18208 | D:11     | Found a bloodstained altar of Trog.
 18765 | D:11     | Noticed Sonja
 18795 | D:11     | Killed Sonja
 18923 | D:11     | Found a staircase to the Orcish Mines.
 18988 | D:12     | Noticed Harold
 18999 | D:12     | Killed Harold
 19098 | D:12     | Found an ancient bone altar of Kikubaaqudgha.
 19704 | D:13     | Identified Stryta Niun's Reference Book on the Unstable Mountains
 19950 | D:13     | Noticed a tengu reaver
 19988 | D:13     | Found a shimmering altar of Xom.
 20237 | D:13     | Killed a tengu reaver
 20356 | D:13     | Reached XP level 15. HP: 59/73 MP: 26/31
 20624 | D:14     | Found a gate to the Vaults.
 20854 | D:14     | Reached skill level 5 in Fighting
 21578 | D:15     | Entered Level 15 of the Dungeon
 21612 | D:15     | Noticed Kirke
 21625 | D:15     | Killed Kirke
 21805 | D:15     | Found a portal to a secret trove of treasure.
 21996 | D:15     | Noticed Roxanne
 22413 | D:15     | Noticed Rupert
 22429 | D:15     | Killed Rupert
 22743 | D:15     | Found a staircase to the Depths.
 22947 | D:10     | Learned a level 3 spell: Flight
 22961 | D:10     | Learned a level 6 spell: Haste
 23148 | Spider:1 | Entered Level 1 of the Spider Nest
 23577 | Spider:1 | Reached XP level 16. HP: 88/88 MP: 32/32
 25121 | Spider:2 | Reached skill level 5 in Charms
 25799 | Spider:3 | Noticed Aizul
 25812 | Spider:3 | Killed Aizul
 26521 | Spider:4 | Reached skill level 17 in Unarmed Combat
 27323 | Spider:4 | Reached XP level 17. HP: 84/92 MP: 30/34
 27732 | Spider:5 | Entered Level 5 of the Spider Nest
 27836 | Spider:5 | Noticed Agnes
 27850 | Spider:5 | Killed Agnes
 28732 | Spider:5 | Got a gossamer rune of Zot
 29088 | Shoals:1 | Entered Level 1 of the Shoals
 29088 | Shoals:1 | Noticed Donald
 29417 | Shoals:1 | Killed Donald
 29488 | Shoals:1 | Reached skill level 15 in Shields
 29495 | Shoals:1 | Noticed Frances
 29502 | Shoals:1 | Killed Frances
 29804 | Orc:1    | Entered Level 1 of the Orcish Mines
 30057 | Orc:4    | Entered Level 4 of the Orcish Mines
 30146 | Orc:4    | Found a roughly hewn altar of Beogh.
 30171 | Orc:4    | Found Wohui's Weapon Shop.
 30241 | Orc:4    | Found a roughly hewn altar of Beogh.
 30293 | Orc:4    | Found a staircase to the Elven Halls.
 30325 | Orc:4    | Found a roughly hewn altar of Beogh.
 30328 | Orc:4    | Found Ciprule's Distillery.
 30369 | Orc:4    | Bought a potion of brilliance for 35 gold pieces
 30485 | Orc:4    | Noticed Saint Roka
 30540 | Orc:4    | Killed Saint Roka
 30546 | Orc:4    | Found Quolaoq's Antique Weapon Shoppe.
 30546 | Orc:4    | Found a roughly hewn altar of Beogh.
 30550 | Orc:4    | Found Icofaxt's Antique Armour Emporium.
 30561 | Orc:4    | Bought a pair of embroidered boots for 85 gold pieces
 30681 | Orc:4    | Bought an ancient ring mail for 171 gold pieces
 30698 | Orc:4    | Identified the +0 ring mail of the Ward {Stlth--} (You bought it in a shop on level 4 of the Orcish Mines)
 30706 | Orc:4    | Bought a crude ring mail for 171 gold pieces
 30712 | Orc:4    | Identified the cursed -2 ring mail of Decompression {Str+3 Dex+4} (You bought it in a shop on level 4 of the Orcish Mines)
 30724 | Orc:4    | Bought a runed leather armour for 38 gold pieces
 31012 | Vaults:1 | Entered Level 1 of the Vaults
 31404 | Vaults:1 | Reached skill level 18 in Unarmed Combat
 31543 | Vaults:1 | Reached XP level 18. HP: 84/96 MP: 32/35
 31785 | Vaults:1 | Found Cumm's Antique Weapon Emporium.
 32193 | Vaults:2 | Got an ancient leather armour
 32209 | Vaults:2 | Identified the +3 leather armour "Brafaoxt" {rPois rC++ Int+4} (You found it on level 2 of the Vaults)
 32344 | Vaults:2 | Reached skill level 1 in Spellcasting
 33060 | Vaults:2 | Noticed Mara
 33327 | Vaults:3 | Noticed Jorgrun
 33347 | Vaults:3 | Killed Jorgrun
 33800 | Vaults:3 | Found Nuituode's Armour Boutique.
 33884 | Vaults:3 | Reached skill level 19 in Unarmed Combat
 34119 | Vaults:3 | Bought a +0 helmet of intelligence for 138 gold pieces
 34256 | Vaults:3 | Found Zarhuosh's Food Emporium.
 34747 | Vaults:3 | Found a staircase to the Crypt.
 34747 | Vaults:3 | Found a basalt altar of Yredelemnul.
 34748 | Vaults:3 | Found an ancient bone altar of Kikubaaqudgha.
 34836 | Vaults:3 | Reached XP level 19. HP: 102/102 MP: 35/35
 35046 | Vaults:4 | Reached skill level 20 in Unarmed Combat
 35317 | Crypt:1  | Entered Level 1 of the Crypt
 35327 | Crypt:1  | Reached skill level 15 in Invocations
 35650 | Crypt:1  | Reached skill level 10 in Dodging
 36045 | Crypt:1  | Identified the Collected Works on Enthralling Combat Magic
 36312 | Crypt:2  | Noticed an ancient lich
 36329 | Crypt:2  | Killed an ancient lich
 36907 | Crypt:2  | Reached skill level 10 in Charms
 37143 | Crypt:3  | Entered Level 3 of the Crypt
 37790 | Crypt:3  | Identified a +2 rod of destruction (11/11) (You found it on level 3 of the Crypt)
 37801 | Crypt:3  | Gained mutation: Your spells are a little harder to cast, but a little more powerful. [potion of beneficial mutation]
 37802 | Crypt:3  | Lost mutation: You can spit poison. [potion of cure mutation]
 37802 | Crypt:3  | Lost mutation: Your spells are a little harder to cast, but a little more powerful. [potion of cure mutation]
 37802 | Crypt:3  | Lost mutation: You are weak. (Str -2) [potion of cure mutation]
 37802 | Crypt:3  | Lost mutation: You are robust (+10% HP). [potion of cure mutation]
 37802 | Crypt:3  | Lost mutation: You are partially covered in yellow scales (AC +2). [potion of cure mutation]
 37994 | Crypt:3  | Reached XP level 20. HP: 98/98 MP: 37/37
 38153 | Crypt:3  | Noticed an ancient lich
 38170 | Crypt:3  | Killed an ancient lich
 38278 | Crypt:3  | Found an ancient bone altar of Kikubaaqudgha.
 38303 | Crypt:3  | Noticed an ancient lich
 38315 | Crypt:3  | Killed an ancient lich
 38333 | Crypt:3  | Noticed an ancient lich
 38342 | Crypt:3  | Killed an ancient lich
 38366 | Crypt:3  | Learned a level 1 spell: Apportation
 38368 | Crypt:3  | Learned a level 1 spell: Summon Butterflies
 38371 | Crypt:3  | Learned a level 2 spell: Blink
 38763 | Crypt:3  | Paralysed by a sphinx for 5 turns
 38932 | Crypt:3  | Found a staircase to the Tomb.
 39772 | Vaults:4 | Found Juigaa's Magic Scroll Shop.
 39780 | Vaults:4 | Bought a scroll of fear for 66 gold pieces
 40035 | Vaults:4 | Noticed Xtahua
 40067 | Vaults:4 | Killed Xtahua
 40890 | Shoals:2 | Reached XP level 21. HP: 102/102 MP: 37/37
 41237 | Shoals:2 | Reached skill level 1 in Translocations
 41882 | Shoals:4 | Found Oxze Gic's Distillery.
 41886 | Shoals:4 | Bought a potion of cancellation for 99 gold pieces
 41886 | Shoals:4 | Bought a potion of cancellation for 99 gold pieces
 42220 | Shoals:5 | Entered Level 5 of the Shoals
 42837 | Shoals:5 | Got a barnacled rune of Zot
 42902 | Shoals:5 | Noticed Ilsuiw
 42911 | Shoals:5 | Killed Ilsuiw
 43813 | Depths:1 | Entered Level 1 of the Depths
 43916 | Depths:1 | Reached skill level 10 in Fighting
 44121 | Depths:1 | Found a deep blue altar of Sif Muna.
 44360 | Depths:1 | Identified the Handbook of Slavery
 44363 | Depths:1 | Identified a -2 rod of shadows (9/9) (You found it on level 1 of the Depths)
 44369 | Depths:1 | Identified Smaenum's Guide on the Fetching Entourage
 44373 | Depths:1 | Learned a level 2 spell: Call Imp
 44377 | Depths:1 | Learned a level 3 spell: Abjuration
 44467 | Depths:1 | Found Cliac's Distillery.
 44476 | Depths:1 | Bought a potion of agility for 52 gold pieces
 44476 | Depths:1 | Bought a potion of might for 52 gold pieces
 44542 | Depths:1 | Found a one-way gate leading to the halls of Pandemonium.
 44611 | Depths:1 | Found a gateway to Hell.
 44913 | Depths:1 | Reached XP level 22. HP: 90/112 MP: 28/38
 45521 | Depths:2 | Paralysed by a giant eyeball for 4 turns
 45526 | Depths:2 | Found a gateway to a ziggurat.
 45926 | Depths:2 | Found a one-way gate to the infinite horrors of the Abyss.
 46937 | Depths:3 | Found Stiom's Antique Weapon Shop.
 47410 | Depths:3 | Gained mutation: You are weak. (Str -2) [a cacodemon]
 47466 | Depths:3 | Gained mutation: Armour fits poorly on your strangely shaped body. [a cacodemon]
 47647 | Depths:4 | Reached skill level 1 in Summonings
 47769 | Depths:4 | Noticed the Enchantress
 47811 | Depths:4 | HP: 2/112 [spriggan air mage/the air[the Enchantress] (7)]
 47811 | Depths:4 | Slain by a spriggan defender

Action                   |  1- 3 |  4- 6 |  7- 9 | 10-12 | 13-15 | 16-18 | 19-21 | 22-24 || total
-------------------------+-------+-------+-------+-------+-------+-------+-------+-------++-------
Melee: Unarmed           |   102 |   187 |   303 |   588 |  1336 |  1672 |  2197 |   696 ||  7081
       Dagger            |       |       |       |     3 |       |       |       |       ||     3
 Fire: Hunting sling     |       |       |    17 |    21 |       |       |       |       ||    38
Throw: Stone             |     4 |    68 |    51 |    11 |       |       |       |       ||   134
       Javelin           |       |       |       |       |     4 |       |       |       ||     4
 Cast: Repel Missiles    |       |       |       |       |     5 |     8 |     4 |     2 ||    19
       Flight            |       |       |       |       |       |     9 |    38 |     4 ||    51
       Haste             |       |       |       |       |       |       |    16 |     9 ||    25
       Apportation       |       |       |       |       |       |       |    15 |     6 ||    21
       Summon Butterflie |       |       |       |       |       |       |     1 |    15 ||    16
       Blink             |       |       |       |       |       |       |     1 |     5 ||     6
Invok: Minor Destruction |       |       |     4 |   104 |   196 |   376 |    96 |    16 ||   792
       Lesser Servant of |       |       |       |     2 |       |     1 |     1 |       ||     4
       Major Destruction |       |       |       |    20 |    77 |    54 |    32 |    30 ||   213
       Greater Servant o |       |       |       |       |    11 |    36 |    18 |    11 ||    76
 Abil: Evoke Jump Attack |       |       |       |       |       |     1 |     6 |     3 ||    10
       Spit Poison       |       |       |       |       |       |       |     1 |       ||     1
Evoke: Wand              |     1 |    19 |    18 |    31 |    35 |    18 |     9 |     9 ||   140
       Fan of gales      |       |       |       |       |       |     1 |       |     1 ||     2
       Rod               |       |       |       |       |       |       |     1 |       ||     1
       Phial of floods   |       |       |       |       |       |       |       |     1 ||     1
  Use: Scroll            |       |     7 |     8 |     3 |    15 |    12 |    14 |     7 ||    66
       Potion            |       |       |       |     6 |     9 |     5 |     7 |     1 ||    28
 Stab: Sleeping          |     4 |       |    11 |     3 |    11 |     6 |    16 |     1 ||    52
       Distracted        |       |     1 |       |       |     4 |    16 |    16 |     9 ||    46
       Confused          |       |       |       |       |       |     4 |     2 |       ||     6
  Eat: Chunk             |     1 |    10 |     7 |    24 |    41 |    50 |    37 |     8 ||   178
       Beef jerky        |       |       |     2 |       |     2 |     2 |     2 |     1 ||     9
       Pizza             |       |       |     1 |       |     2 |       |     2 |       ||     5
       Fruit             |       |       |     1 |       |       |       |     7 |       ||     8
       Royal jelly       |       |       |       |       |     4 |     3 |       |     2 ||     9
       Meat ration       |       |       |       |       |       |     1 |     3 |     2 ||     6
